 Dungeon Crawl Stone Soup version 0.29-a0-352-g0917bc69df (webtiles) character file.

Game seed: 753466741224490171

2 kevlar127 the Ruffian (level 1, -1/22 HPs)
             Began as a Troll Berserker on Apr 24, 2022.
             Was a Follower of Trog.
             Slain by a gnoll
             ... wielding a +0 flail
              (9 damage)
             ... on level 1 of the Dungeon.
             The game lasted 00:00:11 (64 turns).

kevlar127 the Ruffian (Troll Berserker)               Turns: 64, Time: 00:00:12

Health: -1/22      AC:  4    Str: 24    XL:     1   Next: 25%
Magic:  0/0        EV: 10    Int:  3    God:    Trog [*.....]
Gold:   41         SH:  0    Dex:  9    Spells: 0/0 levels left

rFire   . . .      SeeInvis .     - Unarmed
rCold   . . .      Faith    .   (no shield)
rNeg    . . .      Spirit   .   a - +0 animal skin
rPois   .          Reflect  .   (helmet restricted)
rElec   .          Harm     .   (no cloak)
rCorr   .          Rampage  .   (gloves unavailable)
Will    .....                   (boots unavailable)
Stlth   +.........              (no amulet)
HPRegen 0.87/turn               (no ring)
MPRegen 0.07/turn               (no ring)

@: no status effects
A: large, unfitting armour, claws 3, regeneration 1, shaggy fur 1, tough skin 1
a: Renounce Religion, Berserk


You were on level 1 of the Dungeon.
You worshipped Trog.
Trog was aware of your devotion.
You visited 1 branch of the dungeon, and saw 1 of its levels.

You collected 41 gold pieces.

Inventory:

Armour
 a - a +0 animal skin (worn)
Scrolls
 b - a scroll of identify {unknown}


   Skills:
 + Level 2.4 Fighting
 + Level 2.4 Dodging
 + Level 3.0 Unarmed Combat


You couldn't memorise any spells.
You didn't know any spells.
Your spell library was empty.

Dungeon Overview and Level Annotations

Branches:
Dungeon (1/15)

Altars:


Innate Abilities, Weirdness & Mutations

You are too large for most types of armour.
You have claws for hands.
Your natural rate of healing is unusually fast.
You are covered in fur. (AC +1)
You have tough skin. (AC +1)


Message History

The ball python hisses angrily.
There is an open door here.
You claw the goblin!
You kill the goblin!
Trog accepts your kill. The ball python bites you.
Things that are here:
a +0 club; a goblin corpse You scratch the ball python.
You kill the ball python!
Trog accepts your kill.
No target in view!
No target in view!
HP restored.
A gnoll comes into view. It is wielding a +0 flail.
Found a silver ring.
A gnoll is nearby!
A gnoll is nearby!
A gnoll is nearby!
A gnoll is nearby!
A gnoll is nearby!
Found a ring mail.
The gnoll shouts!
The gnoll barely misses you.
You claw the gnoll!
The gnoll is almost dead.
The gnoll hits you with a +0 flail!
You completely miss the gnoll.
The gnoll is almost dead.
The gnoll hits you with a +0 flail!
You are too injured to fight recklessly!
You are too injured to fight recklessly!
You are too injured to fight recklessly!
You are too injured to fight recklessly!
You are too injured to fight recklessly!
You are too injured to fight recklessly!
You barely miss the gnoll.
The gnoll is almost dead.
The gnoll hits you with a +0 flail!
You die...

###.......### #...
####.########....=.
.#####'#####........#
....................
.......)............
#........####.#..# #
###.#.#..........##.#
#.#...............# .
#.#...###...@g..# ##
#.#...# #.#####.#
...........
......####.##
........ [.. ....#.
#.# ..# #.#


You could see a gnoll.

Vanquished Creatures
  A goblin (D:1)
  A ball python (D:1)
2 creatures vanquished.

Notes
Turn   | Place    | Note
-------+----------+-------------------------------------------
     0 | D:1      | kevlar127 the Troll Berserker began the quest for the Orb.
     0 | D:1      | Reached XP level 1. HP: 22/22 MP: 0/0
    64 | D:1      | Slain by a gnoll

Illustrated notes

Levels and vault maps discovered:
D:1:      dpeg_arrival_concentric_ovals, layout_basic,
          chequers_ecumenical_altar_twisty, serial_shops,
          nicolae_shop_behind_doors, minmay_three_crescents

Action                   || total
-------------------------++-------
Melee: Unarmed           ||     5
Dodge: Dodged            ||     1

Table legend: (Time is in decaauts)
 A = Elapsed time spent in this place.
 B = Non-inter-level travel time spent in this place.
 C = Inter-level travel time spent in this place.
 D = Time resting spent in this place.
 E = Time spent auto-exploring this place.
 F = Levels seen in this place.
 G = Mean time per level.
                   A        B        C        D        E       F      G
               +--------+--------+--------+--------+--------+-----+--------+
         Total |     63 |     63 |      0 |      0 |     48 |   1 |   63.0 |
       Dungeon |     63 |     63 |      0 |      0 |     48 |   1 |   63.0 |
               +--------+--------+--------+--------+--------+-----+--------+

Top non-repeatable levels by time:
     D:1: 63 daAuts
